 Dungeon Sprint DCSS version 0.23-a0-635-g88ca12a (webtiles) character file.

4 Lanoc the Skirmisher (level 1, -2/18 HPs)
             Began as a Demonspawn Monk on Dec 27, 2018.
             Was a Believer of Jiyva.
             Slain by a water moccasin (5 damage)
             ... in the Dungeon (Sprint VII: "The Pits").
             The game lasted 00:00:35 (81 turns).

Lanoc the Skirmisher (Demonspawn Monk)                Turns: 81, Time: 00:00:36

Health: -2/18      AC:  2    Str: 11    XL:     1   Next: 58%
Magic:  1/1        EV: 13    Int: 11    God:    Jiyva [**....]
Gold:   0          SH:  0    Dex: 15    Spells: 0/0 levels left

rFire    . . .     SeeInvis .     - Unarmed
rCold    . . .     Gourm    .   (no shield)
rNeg     . . .     Faith    .   a - +0 robe
rPois    .         Spirit   .   (no helmet)
rElec    .         Reflect  .   (no cloak)
rCorr    .         Harm     .   (no gloves)
MR       .....     NoTele   +   (no boots)
Stlth    ++........             (no amulet)
HPRegen  0.06/turn              (no ring)
MPRegen  0.07/turn              (no ring)

@: no status effects
A: no striking features
a: Request Jelly, Renounce Religion


You were in the Dungeon.
You worshipped Jiyva.
Jiyva was pleased with you.
You were not hungry.

You visited 1 branch

Inventory:

Armour
 a - a +0 robe (worn)
Scrolls
 h - a scroll of blinking
 k - 3 scrolls of remove curse
 l - 5 scrolls of amnesia
 m - a scroll of summoning
Potions
 c - a potion of curing
 d - a potion of heal wounds
 e - a potion of haste
 f - 4 potions of magic
 g - 3 potions of berserk rage
 j - 2 potions of invisibility
Comestibles
 b - 9 rations
 i - 5 chunks of flesh


   Skills:
 + Level 3.3 Fighting
 + Level 1.0 Armour
 + Level 3.0 Dodging
 - Level 1.7 Stealth
 * Level 3.3 Unarmed Combat


You couldn't memorise any spells.
You didn't know any spells.
Your spell library was empty.

Dungeon Overview and Level Annotations

Branches:
Dungeon (1/1)

Altars:
Cheibriados
Dithmenos
Elyvilon
Fedhas
Gozag
Hepliaklqana
Makhleb
Nemelex Xobeh
Okawaru
Qazlal
Ru
Sif Muna
Trog
Vehumet
Wu Jian
Xom
Yredelemnul
Zin
The Shining One
Beogh
Jiyva
Lugonu


Message History

You see here a frilled lizard skeleton.
You see here a goblin corpse.
You butcher the goblin corpse.
i - 5 chunks of flesh (gained 3)
You see here a goblin skeleton.
There is an open door here.
You see here a frilled lizard skeleton.
You open the door.
A water moccasin comes into view.
A rat, a hobgoblin and a gnoll come into view.
The hobgoblin shouts!
The water moccasin hisses angrily.
The gnoll shouts!
There is an open door here.
The water moccasin bites you. The hobgoblin hits you with a +0 club.
The gnoll hits you from afar with a +0 halberd!
* * * LOW HITPOINT WARNING * * *
The water moccasin bites you but does no damage.
The water moccasin closely misses you. The gnoll misses you.
There is an open door here.
The water moccasin bites you.
You die...

________.#
______...###########
##########'##.........
#.?(.')))'.##......#..
##########.##.........
#...........'.........
.#####'#####......#..
#..#..# #.........
#..@รท.+ ####'#####
##S####+###.......#
#.g......##.......#
#..rg....##.......#
#####+#####...<...#
#.......# #.......#
#.......# #########


You could see a water moccasin and a hobgoblin.

Vanquished Creatures
  A leopard gecko (D)
  A goblin (D)
  A frilled lizard (D)
  A rat (D)
4 creatures vanquished.

Notes
Turn   | Place    | Note
-------+----------+-------------------------------------------
     0 | D        | Lanoc the Demonspawn Monk began the quest for the Orb.
     0 | D        | Reached XP level 1. HP: 18/18 MP: 1/1
    24 | D        | Found a bloodstained altar of Trog.
    24 | D        | Found a deep blue altar of Sif Muna.
    24 | D        | Found a viscous altar of Jiyva.
    24 | D        | Found a hazy altar of Hepliaklqana.
    24 | D        | Found an opulent altar of Gozag.
    25 | D        | Found a glowing golden altar of the Shining One.
    25 | D        | Found a glowing silver altar of Zin.
    25 | D        | Found a basalt altar of Yredelemnul.
    25 | D        | Found a shimmering altar of Xom.
    25 | D        | Found an ornate altar of the Wu Jian Council.
    25 | D        | Found a sacrificial altar of Ru.
    25 | D        | Found a stormy altar of Qazlal.
    25 | D        | Found an iron altar of Okawaru.
    25 | D        | Found a sparkling altar of Nemelex Xobeh.
    25 | D        | Found a burning altar of Makhleb.
    25 | D        | Found a blossoming altar of Fedhas.
    25 | D        | Found a white marble altar of Elyvilon.
    25 | D        | Found a shadowy altar of Dithmenos.
    25 | D        | Found a snail-covered altar of Cheibriados.
    27 | D        | Found a corrupted altar of Lugonu.
    27 | D        | Found a radiant altar of Vehumet.
    27 | D        | Found a roughly hewn altar of Beogh.
    29 | D        | Became a worshipper of Jiyva Jaffouva the Shapeless
    29 | D        | Reached * piety under Jiyva
    29 | D        | Reached ** piety under Jiyva
    67 | D        | Reached skill level 1 in Armour
    77 | D        | Noticed a water moccasin
    81 | D        | Slain by a water moccasin

Vault maps used:
D:        pitsprint

Skill      XL: |  1 |
---------------+----+-----
Unarmed Combat | 3 |  3.3
Armour         | 1 |  1.0
Dodging        | 3 |  3.0
Fighting       | |  3.3
Stealth        | |  1.7

Action                   || total
-------------------------++-------
Melee: Unarmed           ||    10
 Stab: Sleeping          ||     1
Armor: Robe              ||     1
Dodge: Dodged            ||     7

Table legend:
 A = Non-vault XP
 B = Vault XP
 C = Vault XP percentage of total XP
 D = Non-vault monster count
 E = Vault monster count
 F = Vault count percentage of total count
                 A         B        C        D         E       F
            +---------+---------+-------+---------+---------+-------
      Total |       0 |       7 | 100.0 |       0 |       4 | 100.0
            +---------+---------+-------+---------+---------+-------
          D |       0 |       7 | 100.0 |       0 |       4 | 100.0
            +---------+---------+-------+---------+---------+-------
